 Dungeon Crawl Stone Soup version 0.30.0-19-g36f170ea60 (webtiles) character file.

Game seed: 18122322381472938103

750 Senryu the Gusty (level 7, 0/51 HPs)
             Began as a Gnoll Air Elementalist on May 27, 2023.
             Was an Initiate of Ru.
             Succumbed to Eustachio's poison
             ... on level 5 of the Dungeon.
             The game lasted 00:17:43 (5120 turns).

Senryu the Gusty (Gnoll Air Elementalist)           Turns: 5120, Time: 00:17:44

Health: 0/51       AC:  2    Str: 10    XL:     7   Next: 78%
Magic:  20/24      EV: 18    Int: 14    God:    Ru [......]
Gold:   222        SH:  0    Dex: 12    Spells: 6/17 levels left

rFire   . . .        i - +4 short sword (speed)
rCold   . . .        (no shield)
rNeg    . . .        a - +0 robe
rPois   .            (no helmet)
rElec   .            (no cloak)
rCorr   .            (no gloves)
SInv    .            (no boots)
Will    .....        b - amulet of faith
Stlth   +++          k - ring of magical power
HPRegen 0.28/turn    l - +5 ring of evasion
MPRegen 0.19/turn

%: clarity, faith
@: lethally poisoned (0 -> -7)
A: fangs 1, strong nose, distributed training, clarity
a: Renounce Religion


You were on level 5 of the Dungeon.
You worshipped Ru.
Ru was noncommittal.
You visited 2 branches of the dungeon, and saw 6 of its levels.

You collected 312 gold pieces.
You spent 90 gold pieces at shops.

Inventory:

Hand Weapons
 h - a +0 long sword
 i - a +4 short sword of speed (weapon)
 q - a +0 flail
Armour
 a - a +0 robe (worn)
Jewellery
 b - an amulet of faith (around neck)
 d - a ring of poison resistance
 f - a ring of resist corrosion
 k - a ring of magical power (left hand)
 l - a +5 ring of evasion (right hand)
Scrolls
 c - a scroll of noise {unknown}
 e - a scroll of brand weapon {unknown}
 g - 3 scrolls of teleportation
 j - a scroll of amnesia {unknown}
 p - a scroll of poison {unknown}
Potions
 m - 2 potions of brilliance


   Skills:
 + Level 2.8 Fighting
 + Level 2.8 Short Blades
 + Level 2.8 Long Blades
 + Level 2.8 Axes
 + Level 2.8 Maces & Flails
 + Level 2.8 Polearms
 + Level 2.8 Staves
 + Level 2.8 Ranged Weapons
 + Level 2.8 Throwing
 + Level 2.8 Armour
 + Level 5.4 Dodging
 + Level 5.1 Stealth
 + Level 2.8 Shields
 + Level 2.8 Unarmed Combat
 + Level 5.8 Spellcasting
 + Level 3.2 Conjurations
 + Level 2.3 Hexes
 + Level 2.3 Summonings
 + Level 2.3 Necromancy
 + Level 2.3 Translocations
 + Level 2.3 Transmutations
 + Level 2.3 Fire Magic
 + Level 2.3 Ice Magic
 + Level 5.9 Air Magic
 + Level 2.3 Earth Magic
 + Level 2.3 Poison Magic
 + Level 3.1 Invocations
 + Level 2.8 Evocations


You had 6 spell levels left.
You knew the following spells:

 Your Spells              Type           Power      Damage    Failure   Level
a - Shock                 Conj/Air       64%        1d7       2%          1
b - Static Discharge      Conj/Air       32%        2-4/arc   3%          2
c - Inner Flame           Hex/Fire       10%        N/A       19%         3
d - Ignite Poison         Fire/Tmut/Pois 10%        N/A       19%         3
e - Cigotuvi's Dreadful   Necr/Pois/Air  26%        N/A       6%          2

Your spell library contained the following spells:

 Spells                   Type           Power      Damage    Failure   Level
 Swiftness                Air            20%        N/A       4%          3
 Airstrike                Air            10%        2d(2-18)  14%         4
 Freezing Cloud           Conj/Ice/Air   7%         6-21      67%         5
 Yara's Violent Unravell  Hex/Tmut       5%         3d4       86%         5
 Enfeeble                 Hex            5%         N/A       100%        7


Dungeon Overview and Level Annotations

Branches:
Dungeon (5/15)             Temple (1/1) D:5

Altars:
Ashenzari
Cheibriados
Dithmenos
Fedhas
Gozag
Hepliaklqana
Kikubaaqudgha
Nemelex Xobeh
Qazlal
Ru
Sif Muna
Trog
Uskayaw
Vehumet
Wu Jian
Xom
Yredelemnul
Zin

Shops:
D:1 !


Innate Abilities, Weirdness & Mutations

You have very sharp teeth.
Your uncanny sense of smell can sniff out nearby items.
Your experience applies equally to all skills.
You possess an exceptional clarity of mind.


Message History

You feel sick.
You feel sick.
You are no longer poisoned.
Eustachio mumbles some strange words.
Eustachio blinks!
There is a shaft here.
Eustachio attacks as you move away!
Eustachio hits you with a +5 rapier of venom!
* * * LOW HITPOINT WARNING * * *
You are lethally poisoned!
* * * LOW HITPOINT WARNING * * *
You feel very sick.
Eustachio falls through a shaft!
The shadow imp disappears in a puff of smoke!
The quokka disappears in a puff of smoke!
The white imp disappears in a puff of smoke! x2
The shaft crumbles and collapses.
It was a potion of mutation.
You feel extremely strange.
Your thoughts seem clearer.
* * * LOW HITPOINT WARNING * * *
You feel very sick.
Unknown command.
There is a lethal amount of poison in your body!
There is a lethal amount of poison in your body!
There is a lethal amount of poison in your body!
There is a lethal amount of poison in your body!
There is a lethal amount of poison in your body!
There is a lethal amount of poison in your body!
There is a lethal amount of poison in your body!
There is a lethal amount of poison in your body!
There is a lethal amount of poison in your body!
There is a lethal amount of poison in your body!
There is a lethal amount of poison in your body!
There is a lethal amount of poison in your body!
There is a lethal amount of poison in your body!
* * * LOW HITPOINT WARNING * * *
You feel very sick.
* * * LOW HITPOINT WARNING * * *
You feel sick.
You die...

.8.8. #.### #... ... ..... #...#
#..#####..## #...##...##
#..#...#...# ### #.........
##..#...#...#####..#
#........###...#...#.....##....
#.......†.#...##'##.....#..#..
#.##†..#....................#.
#..r.5.##.............##.#..#.
#...5.##...#..@........<...##..
#..... ##..#...###<...........>
#...5r.#.......##..##...#..#...
.................#...#.....#..).
8.8.8.....#............###.#..#.
..........#............##...##..
8)..... ..#...........##.......
....#.................... .#.
#>...................


There were no monsters in sight!

Vanquished Creatures
  An ogre (D:5)
  2 scorpions (D:4)
  A howler monkey (D:4)
  2 hounds (D:4)
  An orc priest (D:4)
  A sleepcap (D:5)
  2 iguanas
  4 orc wizards
  3 gnolls (D:5)
  10 adders
  3 dart slugs
  23 orcs
  9 bats
  7 endoplasms
  3 giant cockroaches
  12 hobgoblins
  2 jackals (D:1)
  4 kobolds
  2 quokkas
  4 ball pythons
  A frilled lizard (D:1)
  4 goblins
  4 rats
105 creatures vanquished.

Notes
Turn   | Place    | Note
-------+----------+-------------------------------------------
     0 | D:1      | Senryu the Gnoll Air Elementalist began the quest for the
                  | Orb.
     0 | D:1      | Reached XP level 1. HP: 13/13 MP: 6/6
   155 | D:1      | Found Rywanuczi's Distillery.
   453 | D:1      | Reached XP level 2. HP: 19/19 MP: 4/7
   456 | D:1      | Learned a level 2 spell: Static Discharge
   741 | D:2      | Reached skill level 5 in Spellcasting
   741 | D:2      | Reached XP level 3. HP: 17/25 MP: 3/9
   762 | D:3      | Found a stormy altar of Qazlal.
   800 | D:3      | Reached skill level 1 in Invocations
  1136 | D:3      | Found a hide-covered altar of Uskayaw.
  1143 | D:3      | Found an ancient bone altar of Kikubaaqudgha.
  1183 | D:3      | Reached skill level 1 in Fighting
  1183 | D:3      | Reached skill level 1 in Short Blades
  1183 | D:3      | Reached skill level 1 in Long Blades
  1183 | D:3      | Reached skill level 1 in Axes
  1183 | D:3      | Reached skill level 1 in Maces & Flails
  1183 | D:3      | Reached skill level 1 in Polearms
  1183 | D:3      | Reached skill level 1 in Staves
  1183 | D:3      | Reached skill level 1 in Ranged Weapons
  1183 | D:3      | Reached skill level 1 in Throwing
  1183 | D:3      | Reached skill level 1 in Armour
  1183 | D:3      | Reached skill level 1 in Shields
  1183 | D:3      | Reached skill level 1 in Unarmed Combat
  1183 | D:3      | Reached skill level 1 in Evocations
  1228 | D:3      | Became a worshipper of Uskayaw the Reveller
  1345 | D:3      | Reached * piety under Uskayaw
  1347 | D:3      | Reached ** piety under Uskayaw
  1348 | D:3      | Reached XP level 4. HP: 30/32 MP: 3/11
  1368 | D:3      | Learned a level 3 spell: Inner Flame
  1462 | D:3      | Reached skill level 1 in Hexes
  1462 | D:3      | Reached skill level 1 in Summonings
  1462 | D:3      | Reached skill level 1 in Necromancy
  1462 | D:3      | Reached skill level 1 in Translocations
  1462 | D:3      | Reached skill level 1 in Transmutations
  1462 | D:3      | Reached skill level 1 in Fire Magic
  1462 | D:3      | Reached skill level 1 in Ice Magic
  1462 | D:3      | Reached skill level 1 in Earth Magic
  1462 | D:3      | Reached skill level 1 in Poison Magic
  1463 | D:3      | Reached *** piety under Uskayaw
  1466 | D:3      | Reached **** piety under Uskayaw
  1628 | D:3      | Reached XP level 5. HP: 18/37 MP: 6/12
  1645 | D:3      | Learned a level 3 spell: Ignite Poison
  1975 | D:3      | Found a shadowy altar of Dithmenos.
  2734 | D:1      | Bought a potion of curing for 30 gold pieces
  2734 | D:1      | Bought a potion of curing for 30 gold pieces
  2734 | D:1      | Bought a potion of curing for 30 gold pieces
  3247 | D:3      | You fall into a shaft and drop 2 floors!
  3247 | D:5      | Entered Level 5 of the Dungeon
  3247 | D:5      | Found a staircase to the Ecumenical Temple.
  3258 | D:5      | Noticed an ogre
  3277 | D:4      | Reached XP level 6. HP: 33/44 MP: 14/14
  3411 | D:4      | Reached skill level 5 in Dodging
  3422 | D:4      | Learned a level 2 spell: Cigotuvi's Dreadful Rot
  3918 | D:4      | Reached XP level 7. HP: 23/51 MP: 15/15
  4425 | D:5      | Reached skill level 5 in Stealth
  4557 | D:5      | Found a basalt altar of Yredelemnul.
  4658 | D:5      | HP: 2/51 [/static electricity (3)]
  4941 | Temple   | Entered the Ecumenical Temple
  4958 | Temple   | Fell from the grace of Uskayaw
  4958 | Temple   | Became a worshipper of Ru the Awakened
  5093 | D:5      | Noticed Eustachio
  5117 | D:5      | Gained mutation: You possess an exceptional clarity of
                  | mind. [potion of mutation]
  5119 | D:5      | HP: 1/51 [poisoned by Eustachio]
  5120 | D:5      | Succumbed to Eustachio's poison

Illustrated notes

Levels and vault maps discovered:
D:1:      eino_arrival_druids_welcome, layout_basic, serial_shops, shop,
          kennysheep_decorative_pillar
D:2:      layout_basic, hex_tiny, minmay_misc_feat_encased
D:3:      layout_basic, lemuel_doored_altar, general_overflow_altar,
          mainiacjoe_overflow_catwalk_spiral
D:4:      layout_gridville
D:5:      layout_cave_pools, kennysheep_ying_yang,
          minmay_temple_entry_mini_moons, serial_column_ruins, column_ruins_hut,
          column_ruins_open_tiny, column_ruins_corridor_corner,
          column_ruins_grid_3, column_ruins_columns_T, column_ruins_open_small,
          uniq_eustachio
Temple:   nicolae_temple_god_jail

Skill      XL: |  1  2  3  4  5  6  7 |
---------------+----------------------+-----
Conjurations   | 2 3 |  3.2
Spellcasting   | 5 |  5.8
Invocations    | 1 2 3 |  3.1
Fighting       | 1 2 |  2.8
Short Blades   | 1 2 |  2.8
Long Blades    | 1 2 |  2.8
Axes           | 1 2 |  2.8
Maces & Flails | 1 2 |  2.8
Polearms       | 1 2 |  2.8
Staves         | 1 2 |  2.8
Ranged Weapons | 1 2 |  2.8
Throwing       | 1 2 |  2.8
Armour         | 1 2 |  2.8
Shields        | 1 2 |  2.8
Unarmed Combat | 1 2 |  2.8
Evocations     | 1 2 |  2.8
Hexes          | 1 2 |  2.3
Summonings     | 1 2 |  2.3
Necromancy     | 1 2 |  2.3
Translocations | 1 2 |  2.3
Transmutations | 1 2 |  2.3
Fire Magic     | 1 2 |  2.3
Ice Magic      | 1 2 |  2.3
Earth Magic    | 1 2 |  2.3
Poison Magic   | 1 2 |  2.3
Dodging        | 5 |  5.4
Stealth        | 5 |  5.1
Air Magic      | |  5.9

Action                     |  1- 3 |  4- 6 |  7- 9 || total
---------------------------+-------+-------+-------++-------
  Melee: Short sword       |     4 |    44 |    15 ||    63
         Long sword        |    12 |       |       ||    12
         Bite              |     1 |     5 |       ||     6
         Punch             |       |       |     1 ||     1
   Cast: Shock             |    13 |       |     1 ||    14
         Static Discharge  |    19 |    49 |    28 ||    96
         Inner Flame       |       |       |     3 ||     3
 Invoke: Stomp             |       |     1 |     1 ||     2
    Use: Potion            |     1 |     3 |     5 ||     9
         Scroll            |     1 |     4 |     3 ||     8
   Stab: Sleeping          |     1 |     9 |       ||    10
         Paralysed         |       |     1 |     2 ||     3
 Armour: Robe              |     8 |     7 |     4 ||    19
  Dodge: Dodged            |    40 |    60 |    60 ||   160
